 Dungeon Crawl Stone Soup version 0.19-a0-1888-g6ba2374 (webtiles) character file.

2340 Naow the Blocker (level 9, 0/64 HPs)
             Began as a Formicid Fighter on Oct 17, 2016.
             Was a Follower of Okawaru.
             Slain by a gnoll sergeant
             ... wielding a +0 spear of freezing
              (2 damage)
             ... on level 8 of the Dungeon.
             The game lasted 00:13:04 (6784 turns).

Naow the Blocker (Formicid Fighter)                 Turns: 6784, Time: 00:13:04

Health: 0/64       AC: 16    Str: 31    XL:     9   Next: 70%
Magic:  11/13      EV: 10    Int: 14    God:    Okawaru [*.....]
Gold:   484        SH: 15    Dex: 10    Spells: 0 memorised, 8 levels left

rFire  . . .     SeeInvis +     K - +0 war axe (flame)
rCold  . . .     Gourm    .     O - +0 plate armour
rNeg   . . .     Faith    .     c - +0 shield
rPois  .         Spirit   .     (helmet unavailable)
rElec  .         Dismiss  .     j - +0 cloak
rCorr  .         Reflect  .     L - +0 pair of gloves of Spite {Str+3}
MR     .....     Harm     .     (no boots)
Stlth  ..........               (no amulet)
                                (no ring)
                                (no ring)

@: mighty, brilliant, lethally poisoned (0 -> -1), heroism
A: permanent stasis, dig shafts and tunnels, four strong arms, antennae 3
a: Dig, Shaft Self, Heroism, Renounce Religion


You were on level 8 of the Dungeon.
You worshipped Okawaru.
Okawaru was aware of your devotion.
You were hungry.

You visited 2 branches of the dungeon, and saw 9 of its levels.
You also visited: Sewer.

You collected 484 gold pieces.

Inventory:

Hand Weapons
 a - a +0 war axe
 K - a +0 war axe of flaming (weapon)
Armour
 b - a +0 scale mail
 c - a +0 shield (worn)
 j - a +0 cloak (worn)
 k - a +0 pair of gloves
 L - the +0 pair of gloves of Spite (worn) {Str+3}
   (You found it on level 6 of the Dungeon)

   It affects your strength (+3).
 O - a +0 plate armour (worn)
Jewellery
 M - a +3 ring of protection {unknown}
Wands
 p - a wand of confusion (35/48)
 t - a wand of random effects (7/48)
 y - a wand of random effects (33/48)
 E - a wand of lightning (6/15)
 G - a wand of confusion (27/48)
 N - a wand of flame (9/48)
 P - a wand of acid (6/15)
Scrolls
 h - 5 scrolls of identify {unknown}
 i - 2 scrolls of recharging {unknown}
 m - a scroll of enchant weapon {unknown}
 r - 4 scrolls of noise {unknown}
 s - 3 scrolls of fog {unknown}
 v - 4 scrolls of teleportation {unknown}
 x - 3 scrolls of remove curse {unknown}
 C - 2 scrolls of immolation {unknown}
 D - 3 scrolls of magic mapping {unknown}
 H - 3 scrolls of enchant armour {unknown}
 I - a scroll of fear {unknown}
Potions
 e - 2 potions of brilliance
 g - 5 potions of curing
 n - 2 potions of magic {unknown}
 o - 2 potions of resistance {unknown}
 z - 4 potions of agility {unknown}
 A - 2 potions of heal wounds {unknown}
 B - 2 potions of flight {unknown}
 J - a potion of lignification {unknown}
Books
 F - a book of Misfortune

   Spells                             Type                      Level
   a - Confusing Touch                Hexes                        1
   b - Confuse                        Hexes                        3
   c - Gell's Gravitas                Hexes/Translocation          3
   d - Petrify                        Transmutation/Earth          4
   e - Metabolic Englaciation         Hexes/Ice                    5
   f - Yara's Violent Unravelling     Hexes/Transmutation          5
 R - a book of Transfigurations

   Spells                             Type                      Level
   a - Irradiate                      Conjuration/Transmutation    5
   b - Statue Form                    Transmutation/Earth          6
   c - Hydra Form                     Transmutation                6
   d - Dragon Form                    Transmutation                7
 S - the Volume of Ice
   (You found it on level 8 of the Dungeon)

   Spells                             Type                      Level
   a - Ozocubu's Armour               Charms/Ice                   3
   b - Summon Ice Beast               Ice/Summoning                4
   c - Ozocubu's Refrigeration        Ice                          6
   d - Simulacrum                     Ice/Necromancy               6
Comestibles
 f - 3 bread rations
 l - a meat ration
 q - 2 slices of pizza
 u - 7 fruits
 w - a beef jerky
 Q - 2 chunks of flesh


   Skills:
 - Level 3.4(8.4) Fighting
 - Level 8.1(13.1) Axes
 - Level 3.2(8.2) Armour
 - Level 10.1(15.1) Shields
 + Level 5.9 Invocations


You had 8 spell levels left.
You didn't know any spells.

Dungeon Overview and Level Annotations

Branches:
Dungeon (8/15)             Temple (1/1) D:7
   Lair: D:8-11

Altars:
Ashenzari
Cheibriados
Dithmenos
Elyvilon
Fedhas
Gozag
Hepliaklqana
Kikubaaqudgha
Makhleb
Nemelex Xobeh
Okawaru
Qazlal
Sif Muna
Trog
Uskayaw
Vehumet
Xom
Yredelemnul
The Shining One


Innate Abilities, Weirdness & Mutations

You are under a permanent stasis effect.
You can dig through walls and to a lower floor.
Your four strong arms can wield two-handed weapons with a shield.
You have a pair of large antennae on your head. (SInv)


Message History

You gain the combat prowess of a mighty hero.
You block the killer bee's attack. x2
The gnoll sergeant hits you from afar with a spear of freezing.
* * * LOW HITPOINT WARNING * * *
The gnoll sergeant freezes you.
* * * LOW HITPOINT WARNING * * *
You hit the killer bee. You burn the killer bee.
The killer bee is almost dead.
* * * LOW HITPOINT WARNING * * *
You feel sick.
The killer bee stings you but does no damage.
You block the killer bee's attack. You block the gnoll sergeant's attack.
You slash the killer bee! You burn the killer bee.
You kill the killer bee!
Okawaru accepts your kill. You block the gnoll sergeant's attack.
* * * LOW HITPOINT WARNING * * *
You feel sick.
The gnoll sergeant hits you from afar with a spear of freezing.
You die...

#####.## ### #.#.#.##
##......###.## .# #.....##
#............##.# #...####
#.......###..##.# #...# #
####.#...#.###..##.## #...## #
.y..................######....#
#
..{.....##....).............#.#
#
...{....###.##..#.#.######..#.#
# ####.####
#.##..@###........#.# #
.....######g###.#.#..<......#.#
#
####ggg....g.gg.##..######.##.#
# ########.#######.# #.##.# #.#
#.# #.##.# #$. ..# #.# #### ###
#.# ..


You could see a gnoll sergeant and a gnoll.

Vanquished Creatures
  2 sky beasts (D:5)
  A necrophage (D:4)
  An ogre (D:6)
  The ghost of Banto the Poker, an amateur DsCK of Xom (D:4)
  A centaur (D:7)
  2 big kobolds (Sewer)
  A bullfrog (D:8)
  A water moccasin skeleton (D:8)
  9 wights (D:6)
  4 killer bees (D:8)
  6 crimson imps
  A centaur zombie (D:7)
  A quasit (D:6)
  A bullfrog zombie (D:7)
  A hound (D:8)
  3 orc priests
  4 orc wizards
  A bullfrog skeleton (D:4)
  A centaur skeleton (D:3)
  2 iguanas
  2 hound skeletons
  A howler monkey zombie (D:8)
  6 gnolls
  5 river rats (Sewer)
  6 adders
  3 shadow imps
  An ooze (D:4)
  An adder zombie (D:8)
  4 worms
  2 dart slugs (D:2)
  3 leopard geckos
  22 orcs
  9 ball pythons
  8 giant cockroaches
  5 hobgoblins
  8 jackals
  4 quokkas
  8 bats
  7 frilled lizards
  11 goblins
  A jackal skeleton (D:4)
  21 kobolds
  2 leopard gecko zombies
  27 rats
211 creatures vanquished.

Vanquished Creatures (others)
  2 ogres (D:4)
  A quokka (D:4)
3 creatures vanquished.

Grand Total: 214 creatures vanquished

Notes
Turn   | Place    | Note
-------+----------+-------------------------------------------
     0 | D:1      | Naow the Formicid Fighter began the quest for the Orb.
     0 | D:1      | Reached XP level 1. HP: 18/18 MP: 1/1
   240 | D:1      | Reached XP level 2. HP: 21/24 MP: 2/2
   862 | D:1      | Reached XP level 3. HP: 29/29 MP: 3/3
   915 | D:2      | Found a sparkling altar of Nemelex Xobeh.
  1283 | D:2      | Reached XP level 4. HP: 19/35 MP: 4/4
  1881 | D:3      | Reached XP level 5. HP: 41/41 MP: 5/5
  2327 | D:3      | Reached skill level 5 in Axes
  2358 | D:3      | Found a glowing drain.
  2371 | Sewer    | Entered a sewer
  2411 | Sewer    | Noticed a big kobold
  2427 | Sewer    | Killed a big kobold
  2427 | Sewer    | Reached XP level 6. HP: 16/47 MP: 6/6
  3213 | D:4      | Killed an ogre
  3223 | D:4      | Killed an ogre
  3227 | D:4      | Reached XP level 7. HP: 52/52 MP: 7/7
  3380 | D:4      | Found a deep blue altar of Sif Muna.
  3380 | D:4      | Found a faded altar of an unknown god.
  3385 | D:4      | Found a blossoming altar of Fedhas.
  3387 | D:4      | Found a faded altar of an unknown god.
  3389 | D:4      | Found a faded altar of an unknown god.
  3514 | D:4      | Noticed Banto's ghost (amateur DsCK)
  3536 | D:5      | Entered Level 5 of the Dungeon
  3804 | D:4      | Killed Banto's ghost
  3929 | D:4      | You fall through a shaft!
  4209 | D:5      | Reached skill level 4 in Shields
  4357 | D:5      | Reached skill level 5 in Shields
  4357 | D:5      | Reached XP level 8. HP: 30/56 MP: 8/8
  4856 | D:5      | Reached skill level 6 in Shields
  5086 | D:6      | Reached skill level 7 in Shields
  5197 | D:6      | Reached skill level 8 in Shields
  5224 | D:6      | Got a pair of slimy gloves
  5259 | D:6      | Identified the +0 pair of gloves of Spite {Str+3} (You found it on level 6 of the Dungeon)
  5424 | D:6      | Reached skill level 9 in Shields
  5424 | D:6      | Reached XP level 9. HP: 61/62 MP: 9/9
  6207 | D:7      | Found a staircase to the Ecumenical Temple.
  6215 | D:7      | Reached skill level 10 in Shields
  6235 | Temple   | Entered the Ecumenical Temple
  6242 | Temple   | Became a worshipper of Warmaster Okawaru
  6338 | D:7      | Reached skill level 1 in Invocations
  6458 | D:7      | Found a shattered altar of Ashenzari.
  6665 | D:8      | Identified the Volume of Ice
  6703 | D:8      | Found a stormy altar of Qazlal.
  6736 | D:8      | Reached skill level 5 in Invocations
  6775 | D:8      | Reached * piety under Okawaru
  6780 | D:8      | HP: 3/64 [gnoll sergeant/spear of freezing (2)]
  6784 | D:8      | Slain by a gnoll sergeant

Vault maps used:
D:1:      dpeg_arrival_rooms_with_view
D:2:      kennysheep_six_static_rooms, nemelex_altar_shiori
D:3:      gup_sewer_entry_pipe
D:4:      chequers_temple_overflow_minitemple, xom_confusion_cloud
D:5:      first_bread, enter_ossuary_5
D:6:      hangedman_decor_diamond_cutter, minivault_23
D:7:      cheibrodos_ashenzari_chains, kennysheep_generic_room_6
D:8:      nicolae_overflow_hidden_temple, hangedman_pestilent_swarm,
          nicolae_qazlal_eye_of_the_storm, uniq_psyche
Temple:   nicolae_temple_no_exploring_needed
Sewer:    sewer_minmay_treatment

Skill      XL: |  1  2  3  4  5  6  7  8  9 |
---------------+----------------------------+-----
Axes           | 3 4 5 6 8 |  8.1
Shields        | 5 9 10 | 10.1
Invocations    | 5 |  5.9
Fighting       | |  3.4
Armour         | |  3.2

Action                   |  1- 3 |  4- 6 |  7- 9 || total
-------------------------+-------+-------+-------++-------
Melee: War axe           |   112 |   229 |   391 ||   732
Invok: Heroism           |       |       |     1 ||     1
 Abil: Shaft Self        |       |       |     1 ||     1
  Use: Potion            |       |       |     4 ||     4
  Eat: Chunk             |     1 |     7 |    12 ||    20
Armor: Scale mail        |    53 |   134 |    86 ||   273
       Plate armour      |       |       |    58 ||    58
Dodge: Dodged            |    36 |   100 |   102 ||   238
Block: Shield            |    71 |   138 |   220 ||   429
